 Dungeon Crawl Stone Soup version 0.23.2-32-g37ab1d4649 (webtiles) character file.

Game seed: 11136741184851857800

312 MaCx the Archer (level 6, -1/51 HPs)
             Began as a Centaur Hunter on Feb 13, 2019.
             Killed from afar by an orc wizard (4 damage)
             ... with a magic dart
             ... on level 4 of the Dungeon on June 26, 2019.
             The game lasted 00:17:36 (4217 turns).

MaCx the Archer (Centaur Hunter)                    Turns: 4217, Time: 00:17:37

Health: -1/51      AC:  4    Str: 14    XL:     6   Next: 18%
Magic:  6/6        EV:  9    Int: 12    God:
Gold:   71         SH:  0    Dex: 10    Spells: 5/5 levels left

rFire    . . .     SeeInvis .   b - +2 dagger (venom)
rCold    . . .     Gourm    .   (no shield)
rNeg     . . .     Faith    .   c - +0 leather armour
rPois    .         Spirit   .   (no helmet)
rElec    .         Reflect  .   (no cloak)
rCorr    .         Harm     .   (no gloves)
MR       .....                  (no barding)
Stlth    +.........             (no amulet)
HPRegen  0.17/turn              (no ring)
MPRegen  0.10/turn              (no ring)

@: very quick
A: large, hooves 3, deformed body, speed 2, tough skin 3
a: no special abilities


You were on level 4 of the Dungeon.
You were hungry.

You visited 1 branch of the dungeon, and saw 4 of its levels.

You collected 71 gold pieces.

Inventory:

Hand Weapons
 a - a +1 shortbow
 b - a +2 dagger of venom (weapon)
Missiles
 d - 51 arrows
 g - 163 stones (quivered)
 w - a throwing net
Armour
 c - a +0 leather armour (worn)
Jewellery
 o - a +2 amulet of reflection {unknown}
Wands
 s - a wand of polymorph (5)
Scrolls
 h - 3 scrolls of magic mapping
 i - 2 scrolls of immolation {unknown}
 j - a scroll of teleportation {unknown}
 k - a scroll of amnesia {unknown}
 m - 4 scrolls of identify {unknown}
 p - 3 scrolls of remove curse {unknown}
 v - a scroll of enchant weapon {unknown}
 y - a scroll of fog {unknown}
Potions
 e - a potion of resistance
 l - a potion of curing
 n - a potion of lignification
 q - a potion of heal wounds {unknown}
 r - a potion of magic {unknown}
 t - a potion of degeneration {unknown}
 x - a potion of mutation {unknown}
Comestibles
 f - 5 rations


   Skills:
 + Level 3.3 Fighting
 - Level 1.1 Short Blades
 + Level 8.4 Bows
 - Level 1.4 Armour
 - Level 1.3 Dodging
 - Level 0.4 Stealth


You had 5 spell levels left.
You didn't know any spells.
Your spell library was empty.

Dungeon Overview and Level Annotations

Branches:
Dungeon (4/15)
 Temple: D:4-7

Altars:
Fedhas


Innate Abilities, Weirdness & Mutations

You have hooves in place of feet.
Armour fits poorly on your strangely shaped body.
You cover ground very quickly.
You have extremely tough skin. (AC +3)


Message History

You hit the gnoll.
The gnoll is poisoned.
The gnoll is moderately wounded.
Something hits you.
The gnoll hits you with a cursed -3 whip.
Something hits you.
You miss something. Something hits you but does no damage.
The gnoll closely misses you.
You hear some strange, mumbled words.
A puff of flame appears from out of thin air!
The puff of flame hits you!
* * * LOW HITPOINT WARNING * * *
A puff of frost appears from out of thin air!
The puff of frost hits you!
* * * LOW HITPOINT WARNING * * *
There is an open door here.
As you close the door, it creaks loudly!
Something unseen opens the door.
A magic dart appears from out of thin air!
The magic dart hits you.
You die...

#.....# #..........
#.<...# #..........
#.....# #..........
#.....# #..........
#.>...# #..........
#.....########..........
#.......................
#.............##'###...
#.............#.@..#
######........#....#
.....#........#....#
.....##########....#
.............##....#
.............##....#
.รท.........g..g....#
##...##......##....#
##...##......##....#


You could see a gnoll.

Vanquished Creatures
  2 scorpions
  Jessica (D:2)
  A worker ant (D:2)
  A gnoll (D:1)
  A howler monkey skeleton (D:4)
  6 adders
  2 oozes
  2 worms (D:2)
  2 dart slugs
  5 leopard geckos
  5 orcs
  3 bats
  4 giant cockroaches (D:1)
  3 goblins
  5 hobgoblins
  8 jackals
  8 kobolds
  A ball python (D:1)
  2 frilled lizards (D:1)
  7 rats
69 creatures vanquished.

Notes
Turn   | Place    | Note
-------+----------+-------------------------------------------
     0 | D:1      | MaCx the Centaur Hunter began the quest for the Orb.
     0 | D:1      | Reached XP level 1. HP: 17/17 MP: 1/1
   292 | D:1      | Reached XP level 2. HP: 20/24 MP: 2/2
   341 | D:1      | Reached skill level 6 in Bows
   501 | D:1      | Reached XP level 3. HP: 29/29 MP: 3/3
   917 | D:2      | Found a blossoming altar of Fedhas.
  1697 | D:2      | Reached skill level 7 in Bows
  1857 | D:2      | Reached XP level 4. HP: 32/36 MP: 4/4
  2040 | D:2      | Reached skill level 1 in Armour
  2485 | D:3      | Noticed Jessica
  2531 | D:2      | Killed Jessica
  2531 | D:2      | Reached skill level 1 in Short Blades
  2531 | D:2      | Reached XP level 5. HP: 33/41 MP: 5/5
  3529 | D:3      | HP: 3/63 [poisoned by an adder]
  3537 | D:3      | Reached skill level 8 in Bows
  4000 | D:4      | Reached XP level 6. HP: 31/51 MP: 6/6
  4177 | D:4      | Upgraded the game from 0.23.0 to 0.23.2-32-g37ab1d4649
  4207 | D:4      | HP: 2/51 [something/puff of frost (8)]
  4217 | D:4      | Killed from afar by an orc wizard

Skill      XL: |  1  2  3  4  5 |
---------------+----------------+-----
Bows           | 6 7 8 |  8.4
Armour         | 1 |  1.4
Short Blades   | 1 |  1.1
Fighting       | 3 |  3.3
Dodging        | |  1.3
Stealth        | |  0.4

Action                   |  1- 3 |  4- 6 || total
-------------------------+-------+-------++-------
Melee: Short sword       |    45 |       ||    45
       Kick              |    12 |    15 ||    27
       Dagger            |    19 |    90 ||   109
 Fire: Shortbow          |    26 |     7 ||    33
  Use: Scroll            |     1 |       ||     1
       Potion            |       |     3 ||     3
  Eat: Chunk             |     2 |     6 ||     8
Armor: Leather armour    |    28 |    36 ||    64
       Skin              |       |    10 ||    10
Dodge: Dodged            |    31 |    42 ||    73
